Map: 2000 Atmospheres LE

Players

MaxPax - Winner!

  • Race: Protoss Protoss
  • League: Grandmaster

AGOElazer (Elazer)

  • Race: Zerg Zerg
  • League: Master

VOD

Have the link to the VOD?

Description

Time

  • Played on: Oct. 22, 2021, 10:54 a.m.
  • Length: 8:51
Show
View Real Time Build Order
Export as new Build Order

MaxPax Protoss - Winner!

Build Orders: 1 Gate Expand, Oracle Opening 

Get SALT Encoding   

  12  0:00  Probe  
  13  0:12  Probe  
  14  0:19  Pylon  
  14  0:24  Probe  
  15  0:37  Probe (Chrono Boost)  
  15  0:39  Gateway  
  16  0:48  Probe (Chrono Boost)  
  16  0:49  Assimilator  
  17  0:53  Probe (Chrono Boost)  
  18  1:03  Probe  
  19  1:15  Probe  
  20  1:27  Nexus  
  20  1:38  Cybernetics Core  
  20  1:41  Probe  
  20  1:46  Assimilator  
  21  1:55  Pylon  
  21  1:56  Probe  
  23  2:08  Probe (Chrono Boost)  
  23  2:14  Adept  
  25  2:20  Stargate, Probe (Chrono Boost)  
  26  2:27  Probe (Chrono Boost)  
  26  2:28  Warp Gate  
  28  2:38  Probe (Chrono Boost)  
  28  2:39  Probe (Chrono Boost)  
  29  2:45  Adept  
  29  2:48  Probe (Chrono Boost)  
  29  2:50  Probe (Chrono Boost)  
  33  2:53  Probe (Chrono Boost)  
  33  2:54  Void Ray (Chrono Boost)  
  34  2:59  Probe  
  34  3:05  Probe  
  40  3:08  Pylon  
  40  3:11  Probe  
  41  3:17  Probe  
  42  3:20  Gateway  
  42  3:23  Probe  
  43  3:28  Oracle (Chrono Boost)  
  43  3:29  Probe  
  47  3:35  Probe  
  48  3:41  Probe  
  48  3:47  Twilight Council  
  49  3:48  Probe  
  49  3:54  Nexus  
  51  3:59  Pylon  
  50  4:09  Gateway  
  50  4:12  Gateway  
  50  4:15  Pylon  
  50  4:16  Adept  
  52  4:18  Adept  
  52  4:19  Probe  
  52  4:22  Probe  
  56  4:26  Assimilator  
  56  4:28  Assimilator  
  56  4:31  Probe  
  57  4:34  Probe, Resonating Glaives (Chrono Boost)  
  58  4:43  Probe  
  59  4:46  Adept, Probe, Pylon  
  59  4:47  Adept  
  64  4:55  Probe  
  64  4:58  Shield Battery  
  64  4:59  Probe (Chrono Boost)  
  66  5:06  Protoss Air Weapons Level 1  
  66  5:07  Probe (Chrono Boost)  
  66  5:10  Adept x4  
  66  5:13  Probe (Chrono Boost)  
  77  5:17  Probe x2 (Chrono Boost)  
  77  5:21  Probe (Chrono Boost)  
  79  5:22  Probe (Chrono Boost)  
  79  5:24  Stargate  
  79  5:25  Probe  
  81  5:31  Probe  
  81  5:33  Probe  
  83  5:36  Adept x3  
  83  5:37  Probe  
  90  5:43  Probe  
  90  5:45  Probe, Pylon  
  90  5:49  Probe  
  93  5:56  Stargate  
  93  5:58  Pylon  
  93  6:03  Probe, Assimilator x2  
  93  6:04  Probe, Pylon  
  99  6:05  Void Ray (Chrono Boost)  
  99  6:08  Void Ray (Chrono Boost)  
  99  6:20  Probe  
  99  6:22  Probe  
  99  6:24  Probe  
  92  6:35  Void Ray (Chrono Boost)  
  92  6:36  Probe  
  89  6:40  Forge  
  89  6:41  Probe  
  89  6:42  Pylon  
  89  6:44  Void Ray (Chrono Boost)  
  89  6:45  Shield Battery  
  89  6:47  Shield Battery  
  96  6:48  Shield Battery, Void Ray (Chrono Boost)  
  96  6:51  Shield Battery, Adept x2  
  96  6:52  Adept, Pylon  
  100  6:57  Shield Battery  
  100  7:01  Adept, Void Ray (Chrono Boost)  
  100  7:05  Shield Battery  
  100  7:08  Void Ray (Chrono Boost)  
  110  7:16  Shield Battery  
  110  7:19  Photon Cannon  
  110  7:21  Shield Battery  
  110  7:26  Void Ray (Chrono Boost)  
  110  7:29  Void Ray (Chrono Boost)  
  112  7:42  Adept x4, Photon Cannon  
  120  7:46  Pylon  
  120  7:49  Void Ray (Chrono Boost), Photon Cannon  
  120  7:50  Void Ray (Chrono Boost)  
  120  7:51  Pylon  
  124  7:55  Photon Cannon  
  128  8:10  Void Ray (Chrono Boost)  
  132  8:17  Adept x2  
  132  8:18  Adept x2  
  126  8:44  Zealot  
Show
View Real Time Build Order
Export as new Build Order

AGOElazer Zerg 

Build Orders: Hatch First 

Get SALT Encoding   

  12  0:00  Drone  
  13  0:11  Overlord  
  13  0:16  Drone  
  14  0:30  Drone x2  
  16  0:48  Hatchery  
  15  0:51  Drone  
  15  0:55  Drone  
  17  0:58  Drone  
  18  1:08  Extractor  
  17  1:15  Spawning Pool  
  17  1:17  Drone  
  17  1:20  Drone  
  18  1:28  Drone  
  19  1:39  Drone  
  20  1:49  Overlord  
  20  2:01  Queen  
  20  2:02  Drone, Queen  
  20  2:03  Zergling x2  
  26  2:12  Drone  
  26  2:13  Metabolic Boost  
  26  2:15  Drone  
  28  2:21  Drone  
  28  2:22  Drone  
  30  2:31  Drone  
  30  2:32  Drone  
  32  2:37  Queen  
  32  2:44  Drone, Overlord  
  35  2:53  Hatchery  
  34  2:58  Overlord  
  34  2:59  Drone  
  35  3:09  Drone x2  
  35  3:10  Drone x4  
  35  3:12  Drone  
  42  3:16  Queen  
  44  3:21  Queen  
  44  3:25  Overlord  
  46  3:29  Overlord  
  46  3:31  Drone  
  47  3:34  Drone  
  47  3:35  Drone  
  47  3:39  Drone x2  
  47  3:41  Drone  
  52  3:44  Drone x3  
  55  3:50  Spore Crawler  
  55  3:54  Drone x4  
  58  3:59  Queen  
  58  4:01  Overlord  
  60  4:10  Drone x2  
  60  4:16  Zergling x8  
  66  4:19  Overlord  
  66  4:22  Drone x4  
  70  4:27  Drone x3  
  70  4:28  Spore Crawler  
  72  4:37  Extractor  
  71  4:39  Roach Warren  
  71  4:40  Extractor  
  71  4:42  Drone x3  
  72  4:45  Lair  
  72  4:46  Drone x6  
  72  4:48  Overlord  
  72  4:50  Drone x4  
  82  4:56  Hatchery  
  81  5:01  Drone  
  81  5:02  Overlord  
  82  5:09  Drone x2, Spore Crawler  
  82  5:12  Overlord  
  81  5:16  Overlord x2  
  81  5:17  Queen  
  81  5:18  Queen  
  84  5:29  Drone x4  
  84  5:30  Drone x5  
  84  5:32  Extractor x2  
  84  5:33  Extractor  
  84  5:35  Evolution Chamber  
  89  5:41  Overlord  
  89  5:45  Roach x6  
  89  5:46  Spire  
  99  5:54  Overlord  
  99  5:58  Roach x6  
  99  6:02  Queen x3  
  117  6:08  Roach x2  
  119  6:12  Queen  
  119  6:17  Roach x5  
  125  6:24  Roach  
  125  6:25  Roach x4  
  124  6:33  Zergling x16  
  124  6:35  Glial Reconstitution  
  131  6:40  Ravager  
  134  6:49  Zergling x22  
  134  6:53  Ravager  
  144  6:55  Overlord x2  
  142  7:02  Ravager x2  
  144  7:13  Ravager x6  
  150  7:19  Zergling x24  
  150  7:20  Zergling x2  
  160  7:24  Overlord x3  
  152  7:36  Queen  
  151  7:37  Queen  
  151  7:42  Queen  
  151  7:44  Ravager x6  
  158  7:50  Queen  
  157  7:54  Ravager  
  157  7:57  Zergling x12  
  157  7:58  Zergling x16  
  164  8:11  Queen  
  164  8:13  Queen  
  164  8:18  Zergling x16  
  159  8:32  Zergling x12  
Tags
 
Add a new tag
Caveats
  • Supply blocks, unpowered buildings, or Contaminate may cause inaccurate times.
  • Supply counts are checked every 10 seconds.